 Dungeon Crawl Stone Soup version 0.22.0-27-ga576289 (webtiles) character file.

88 corax the Shield-Bearer (level 4, -5/42 HPs)
             Began as a Deep Dwarf Fighter on Aug 21, 2018.
             Was a Follower of Kikubaaqudgha.
             Slain by an orc wizard
             ... wielding a +0 dagger of electrocution
              (17 damage)
             ... on level 3 of the Dungeon.
             The game lasted 00:06:41 (1843 turns).

corax the Shield-Bearer (Deep Dwarf Fighter)        Turns: 1843, Time: 00:06:43

Health: -5/42      AC:  2    Str: 20    XL:     4   Next: 29%
Magic:  2/5        EV: 11    Int:  9    God:    Kikubaaqudgha [*.....]
Gold:   99         SH:  0    Dex: 12    Spells: 2/5 levels left

rFire    . . .     SeeInvis .   a - +0 war axe
rCold    . . .     Gourm    .   (no shield)
rNeg     . . .     Faith    .   b - +0 robe
rPois    .         Spirit   .   (no helmet)
rElec    .         Reflect  .   (no cloak)
rCorr    +         Harm     .   (no gloves)
MR       .....                  (no boots)
Stlth    +.........             (no amulet)
HPRegen  0.00/turn              k - ring of resist corrosion
MPRegen  0.09/turn              (no ring)

@: very slightly contaminated, non-regenerating
A: damage resistance, heal wounds, sense surroundings 1, no regeneration
a: Heal Wounds, Receive Corpses, Renounce Religion


You were on level 3 of the Dungeon.
You worshipped Kikubaaqudgha.
Kikubaaqudgha was aware of your devotion.
You were not hungry.

You visited 1 branch of the dungeon, and saw 3 of its levels.

You collected 99 gold pieces.

Inventory:

Hand Weapons
 a - a +0 war axe (weapon)
Missiles
 q - 7 tomahawks (quivered)
Armour
 b - a +0 robe (worn)
Jewellery
 k - a ring of resist corrosion (left hand)
Wands
 o - a wand of random effects (27)
Scrolls
 c - a scroll of amnesia {unknown}
 g - 4 scrolls of remove curse {unknown}
 j - 2 scrolls of teleportation {unknown}
 m - a scroll of enchant weapon {unknown}
 n - a scroll of identify {unknown}
 p - a scroll of magic mapping {unknown}
Potions
 d - a potion of might
 e - a potion of heal wounds
 h - 3 potions of brilliance {unknown}
 i - 2 potions of mutation {unknown}
 l - a potion of lignification {unknown}
Comestibles
 f - 6 rations


   Skills:
 - Level 3.2 Fighting
 - Level 2.9 Axes
 - Level 3.7 Armour
   Level 3.7 Shields
 + Level 1.0 Spellcasting
 + Level 1.3 Necromancy


You had 2 spell levels left.
You knew the following spells:

 Your Spells              Type           Power        Failure   Level  Hunger
a - Vampiric Draining     Necr           #.........   54%         3    ####...

Your spell library contained the following spells:

 Spells                   Type           Power        Failure   Level  Hunger
 Animate Skeleton         Necr           N/A          22%         1    ##.....
 Pain                     Necr           #...         22%         1    ##.....
 Sublimation of Blood     Necr           #.........   32%         2    ###....
 Magic Dart               Conj           #...         36%         1    ##.....
 Blink                    Tloc           N/A          50%         2    ###....
 Call Imp                 Summ           #.......     50%         2    ###....
 Slow                     Hex            #.......     50%         2    ###....
 Conjure Flame            Conj/Fire      #.......     73%         3    ####...
 Mephitic Cloud           Conj/Pois/Air  #.......     73%         3    ####...


Dungeon Overview and Level Annotations

Branches:
Dungeon (3/15)

Altars:
Dithmenos
Fedhas
Gozag
Hepliaklqana
Kikubaaqudgha


Innate Abilities, Weirdness & Mutations

You are resistant to damage.
You can heal yourself by infusing magical energy.
You passively map a small area around you.
You do not regenerate.


Message History

You throw a tomahawk.
The tomahawk closely misses the orc wizard.
Casting: Vampiric Draining (quite dangerous; 54% risk of failure)
Confirm with . or Enter, or press ? or * to list all spells.
Aiming: Vampiric Draining (quite dangerous; 54% risk of failure)
Press: ? - help, Shift-Dir - straight line, f/p - orc wizard
Aim: an orc wizard, wielding a dagger of electrocution and wearing a robe (fast)
You miscast Vampiric Draining.
You are very lightly contaminated with residual magic.
You feel very uncomfortable.
The orc wizard points at you and mumbles some strange words.
The magic dart hits you!
* * * LOW HITPOINT WARNING * * *
The orc wizard completely misses you.
You slash the orc wizard!
The orc wizard is severely wounded.
The orc wizard hits you with a dagger of electrocution.
You are electrocuted!
You die...
Kikubaaqudgha rasps: "You have failed me!
Welcome... death!"

........##.# #..# , *
#######.##.# #..# * * **
#.##.# #..# * ,, ,,
*#.##.#######..# ≈ ##*
*#.##..........# P≈≈♣♣##,
#.###########.# ≈ ≈≈≈≈♣≈≈
*#.# #.# ≈ ≈≈≈≈o≈≈♣##.#
#.# ≈≈≈≈≈≈≈P♣#@# #.#
≈≈≈≈≈≈≈≈P.#o###########.#
≈
≈.PP♣P♣..(.........)...#
,
.........###############
........## ≈ ≈....#.##
≈≈♣. #. ♣ # #.* * #.


You could see an orc wizard.

Vanquished Creatures
  2 adders (D:3)
  An ooze (D:2)
  2 worms
  3 dart slugs
  3 leopard geckos
  2 orcs (D:3)
  A giant cockroach (D:1)
  6 goblins
  5 hobgoblins
  4 jackals
  2 ball pythons
  5 bats (D:1)
  4 frilled lizards
  4 kobolds
  5 rats (D:1)
49 creatures vanquished.

Notes
Turn   | Place    | Note
-------+----------+-------------------------------------------
     0 | D:1      | corax the Deep Dwarf Fighter began the quest for the Orb.
     0 | D:1      | Reached XP level 1. HP: 20/20 MP: 1/1
    57 | D:1      | Reached XP level 2. HP: 22/27 MP: 2/2
   444 | D:1      | Reached XP level 3. HP: 17/34 MP: 3/3
   962 | D:2      | Found an opulent altar of Gozag.
  1017 | D:2      | Found a faded altar of an unknown god.
  1025 | D:2      | Became a worshipper of Kikubaaqudgha
  1025 | D:2      | Reached * piety under Kikubaaqudgha
  1025 | D:2      | Identified Kikubaaqudgha's Catalogue of Evil (Kikubaaqudgha gifted it to you on level 2 of the Dungeon)
  1025 | D:2      | Received a gift from Kikubaaqudgha
  1268 | D:2      | Found a shadowy altar of Dithmenos.
  1290 | D:2      | Found a blossoming altar of Fedhas.
  1319 | D:2      | Found a hazy altar of Hepliaklqana.
  1593 | D:3      | Reached XP level 4. HP: 37/42 MP: 4/4
  1632 | D:3      | Reached skill level 1 in Necromancy
  1675 | D:3      | Reached skill level 1 in Spellcasting
  1692 | D:3      | Learned a level 3 spell: Vampiric Draining
  1843 | D:3      | Slain by an orc wizard

Skill      XL: |  1  2  3  4 |
---------------+-------------+-----
Fighting       | 3 |  3.2
Necromancy     | 1 |  1.3
Spellcasting   | 1 |  1.0
Axes           | |  2.9
Armour         | |  3.7
Shields        | |  3.7

Action                   |  1- 3 |  4- 6 || total
-------------------------+-------+-------++-------
Melee: War axe           |   114 |    38 ||   152
Throw: Tomahawk          |       |     1 ||     1
  Use: Potion            |     3 |       ||     3
 Stab: Sleeping          |     1 |       ||     1
  Eat: Ration            |     1 |       ||     1
Armor: Scale mail        |    37 |       ||    37
       Robe              |     3 |     9 ||    12
Dodge: Dodged            |    57 |    28 ||    85
Block: Shield            |    38 |       ||    38
